General information
- name: BNet
- type: Ladder team game (AT/RT)
- host: Battle.net
- saver: Flamechampion24
map: GolemsInTheMist
- players: 8
- length: 19:48
- speed: Fast
- version: 1.26 W3XP
- replay type: Public
» download(112 KB)
Players
team 1 (loser)
JMP (
yellow | 17 APM | 292 actions | 16:59)
2 Priestess of the Moon
1 Trueshot Aura
1 Scout
» actions
| Build / train | 52 | |
| Enter build submenu | 18 | |
| Enter hero's abilities submenu | 2 | |
| Remove unit from queue | 6 | |
| Right click | 88 | |
| Select / deselect | 102 | |
| Use ability | 24 | |
292 total
» units
| Wisp | 8 | |
| Archer | 8 | |
| Goblin Shredder | 1 | |
| Goblin Zeppelin | 1 | |
| Chimaera | 3 | |
| Hippogryph | 15 | |
36 total
» upgrades
| Strength of the Wild | 3 | |
| Reinforced Hides | 2 | |
5 total
» buildings
| Moon Well | 8 | |
| Altar of Elders | 1 | |
| Ancient of War | 1 | |
| Tree of Ages | 1 | |
| Tree of Eternity | 1 | |
| Ancient of Wind | 2 | |
| Chimaera Roost | 2 | |
| Tree of Life | 1 | |
| Hunter's Hall | 1 | |
18 total
» build order
00:28 Moon Well
00:48 Altar of Elders
01:24 Ancient of War
02:00 Moon Well
02:34 Tree of Ages
02:59 Moon Well
04:56 Tree of Eternity
05:02 Moon Well
05:25 Ancient of Wind
07:40 Chimaera Roost
07:43 Chimaera Roost
08:58 Tree of Life
09:39 Hunter's Hall
13:05 Moon Well
13:27 Ancient of Wind
14:18 Moon Well
16:38 Moon Well
16:43 Moon Well

»
SupremeTokes (
blue | 32 APM | 531 actions | 16:43)
3 Tauren Chieftain
2 War Stomp
1 Endurance Aura
1 Shadow Hunter
1 Healing Wave
» actions
| Build / train | 42 | |
| Enter build submenu | 30 | |
| Enter hero's abilities submenu | 4 | |
| Remove unit from queue | 5 | |
| Right click | 177 | |
| Select / deselect | 227 | |
| Use ability | 46 | |
531 total
» units
| Peon | 9 | |
| Grunt | 8 | |
| Troll Headhunter/Berserker | -1 | |
| Goblin Shredder | 2 | |
| Goblin Zeppelin | 1 | |
| Spirit Walker | 2 | |
21 total
» upgrades
| Spiked Barricades | 1 | |
| Melee Weapons | 1 | |
| Armor | 1 | |
| Spirit Walker Training | 1 | |
| Shaman Training | 1 | |
5 total
» buildings
| Altar of Storms | 1 | |
| Orc Burrow | 8 | |
| War Mill | 1 | |
| Barracks | 2 | |
| Voodoo Lounge | 1 | |
| Watch Tower | 8 | |
| Stronghold | 1 | |
| Spirit Lodge | 2 | |
| Great Hall | 2 | |
| Fortress | 1 | |
27 total
» build order
00:30 Altar of Storms
00:36 Orc Burrow
00:58 War Mill
01:30 Orc Burrow
01:46 Barracks
02:04 Barracks
02:17 Voodoo Lounge
02:40 Orc Burrow
05:25 Watch Tower
05:35 Watch Tower
05:40 Watch Tower
05:52 Watch Tower
06:45 Orc Burrow
06:47 Stronghold
06:51 Orc Burrow
07:20 Orc Burrow
08:53 Orc Burrow
09:23 Watch Tower
09:55 Spirit Lodge
09:57 Spirit Lodge
10:36 Watch Tower
10:39 Watch Tower
11:58 Orc Burrow
12:01 Watch Tower
13:07 Great Hall
13:59 Fortress
14:56 Great Hall
» items

»
Four.Twe3nty (
teal | 58 APM | 967 actions | 16:44)
3 Archmage
1 Blizzard
2 Brilliance Aura
2 Blood Mage
1 Flame Strike
1 Banish
» actions
| Basic commands | 2 | |
| Build / train | 53 | |
| Enter build submenu | 27 | |
| Enter hero's abilities submenu | 5 | |
| Right click | 482 | |
| Select / deselect | 328 | |
| Use ability | 70 | |
967 total
» units
| Peasant | 11 | |
| Rifleman | 8 | |
| Priest | 3 | |
| Mortar Team | 5 | |
27 total
» upgrades
| Gunpowder | 3 | |
| Armor | 2 | |
| Lumber Harvesting | 1 | |
| Flare | 1 | |
| Priest Training | 1 | |
| Sorceress Training | 1 | |
| Long Rifles | 1 | |
| Fragmentation Shards | 1 | |
11 total
» buildings
| Altar of Kings | 1 | |
| Farm | 9 | |
| Barracks | 1 | |
| Lumber Mill | 1 | |
| Blacksmith | 1 | |
| Keep | 2 | |
| Arcane Vault | 1 | |
| Arcane Sanctum | 2 | |
| Workshop | 1 | |
| Town Hall | 2 | |
| Castle | 2 | |
| Scout Tower | 6 | |
29 total
» build order
00:25 Altar of Kings
00:52 Farm
01:08 Barracks
01:23 Lumber Mill
01:41 Farm
01:49 Blacksmith
03:21 Farm
03:41 Keep
03:41 Keep
04:11 Farm
05:05 Farm
05:44 Arcane Vault
06:14 Arcane Sanctum
06:55 Workshop
07:52 Farm
07:58 Farm
08:53 Farm
10:29 Town Hall
10:45 Castle
11:42 Arcane Sanctum
13:42 Scout Tower
13:44 Scout Tower
13:47 Scout Tower
13:49 Scout Tower
13:51 Scout Tower
13:54 Scout Tower
14:49 Town Hall
14:55 Farm
» items
| Scroll of Regeneration | 1 | |
| Scroll of Town Portal | 1 | |
2 total
KoKEMooN-98 (
pink | 29 APM | 581 actions | 19:47)
2 Death Knight
1 Death Pact
1 Unholy Aura
» actions
| Basic commands | 2 | |
| Build / train | 49 | |
| ESC pressed | 2 | |
| Enter build submenu | 18 | |
| Enter hero's abilities submenu | 3 | |
| Give item / drop item | 2 | |
| Remove unit from queue | 6 | |
| Right click | 319 | |
| Select / deselect | 158 | |
| Use ability | 17 | |
581 total
» units
| Acolyte | 11 | |
| Ghoul | 6 | |
| Crypt Fiend | 11 | |
| Necromancer | 3 | |
| Banshee | 2 | |
| Peasant | 2 | |
35 total
» upgrades
| Unholy Strength | 1 | |
| Creature Attack | 1 | |
2 total
» buildings
| Crypt | 1 | |
| Ziggurat | 7 | |
| Altar of Darkness | 1 | |
| Graveyard | 2 | |
| Tomb of Relics | 1 | |
| Nerubian Tower | 2 | |
| Halls of the Dead | 1 | |
| Sacrificial Pit | 1 | |
| Temple of the Damned | 1 | |
17 total
» build order
00:16 Crypt
00:34 Ziggurat
00:35 Ziggurat
00:36 Ziggurat
01:42 Altar of Darkness
02:45 Graveyard
02:59 Tomb of Relics
03:26 Nerubian Tower
03:35 Nerubian Tower
05:35 Graveyard
06:32 Halls of the Dead
07:25 Ziggurat
07:27 Ziggurat
07:29 Ziggurat
07:30 Ziggurat
09:15 Sacrificial Pit
09:38 Temple of the Damned
team 2 (winner)

»
MMX (
red | 45 APM | 308 actions | 06:48)
2 Mountain King
1 Storm Bolt
1 Thunder Clap
» actions
| Assign group hotkey | 12 | |
| Build / train | 27 | |
| Enter build submenu | 13 | |
| Enter hero's abilities submenu | 2 | |
| Remove unit from queue | 1 | |
| Right click | 89 | |
| Select / deselect | 63 | |
| Select group hotkey | 81 | |
| Use ability | 20 | |
308 total
» units
| Peasant | 8 | |
| Footman | 6 | |
| Goblin Shredder | 7 | |
21 total
» buildings
| Altar of Kings | 1 | |
| Farm | 4 | |
| Barracks | 1 | |
| Keep | 1 | |
| Lumber Mill | 1 | |
| Arcane Vault | 1 | |
| Blacksmith | 1 | |
| Castle | 1 | |
| Arcane Sanctum | 1 | |
| Town Hall | 1 | |
| Scout Tower | 1 | |
14 total
» build order
00:25 Altar of Kings
00:39 Farm
00:55 Barracks
01:19 Farm
02:27 Keep
02:35 Farm
02:52 Lumber Mill
03:11 Arcane Vault
03:25 Farm
04:33 Blacksmith
05:15 Castle
05:35 Arcane Sanctum
06:24 Town Hall
06:29 Scout Tower

»
elpaisa0 (
purple | 21 APM | 406 actions | 18:57)
3 Warden
1 Fan of Knives
1 Shadow Strike
1 Blink
2 Priestess of the Moon
1 Trueshot Aura
1 Searing Arrows
» actions
| Assign group hotkey | 9 | |
| Build / train | 46 | |
| Enter build submenu | 15 | |
| Enter hero's abilities submenu | 5 | |
| Remove unit from queue | 2 | |
| Right click | 174 | |
| Select / deselect | 118 | |
| Select group hotkey | 18 | |
| Use ability | 19 | |
406 total
» units
| Wisp | 14 | |
| Hippogryph | 5 | |
| Chimaera | 10 | |
29 total
» upgrades
| Strength of the Wild | 3 | |
| Reinforced Hides | 2 | |
| Corrosive Breath | 1 | |
6 total
» buildings
| Moon Well | 8 | |
| Tree of Ages | 1 | |
| Altar of Elders | 1 | |
| Hunter's Hall | 1 | |
| Ancient of Wind | 1 | |
| Tree of Eternity | 1 | |
| Chimaera Roost | 2 | |
15 total
» build order
01:11 Moon Well
01:23 Tree of Ages
01:52 Altar of Elders
02:16 Moon Well
03:12 Hunter's Hall
04:13 Ancient of Wind
04:53 Tree of Eternity
05:17 Moon Well
06:25 Moon Well
07:32 Chimaera Roost
07:37 Chimaera Roost
08:00 Moon Well
09:03 Moon Well
09:59 Moon Well
14:54 Moon Well
FoolOnTheHill (
orange | 61 APM | 1204 actions | 19:47)
5 Blood Mage
3 Flame Strike
2 Siphon Mana
» actions
| Assign group hotkey | 90 | |
| Basic commands | 13 | |
| Build / train | 90 | |
| Enter build submenu | 61 | |
| Enter hero's abilities submenu | 5 | |
| Give item / drop item | 2 | |
| Remove unit from queue | 3 | |
| Right click | 387 | |
| Select / deselect | 348 | |
| Select group hotkey | 65 | |
| Use ability | 140 | |
1204 total
» units
| Peasant | 16 | |
| Footman | 9 | |
| Goblin Shredder | 2 | |
| Sorceress | 2 | |
| Dragonhawk Rider | 3 | |
32 total
» upgrades
| Sorceress Training | 1 | |
| Lumber Harvesting | 2 | |
| Masonry | 3 | |
| Magic Sentry | 1 | |
| Swords | 3 | |
| Armor | 2 | |
| Cloud | 1 | |
13 total
» buildings
| Altar of Kings | 1 | |
| Barracks | 1 | |
| Farm | 9 | |
| Arcane Vault | 2 | |
| Keep | 1 | |
| Town Hall | 2 | |
| Lumber Mill | 1 | |
| Scout Tower | 59 | |
| Arcane Tower | 1 | |
| Arcane Sanctum | 1 | |
| Guard Tower | 17 | |
| Gryphon Aviary | 4 | |
| Blacksmith | 2 | |
| Castle | 1 | |
102 total
» build order
00:41 Altar of Kings
00:42 Barracks
00:50 Farm
01:05 Farm
01:07 Farm
01:57 Farm
02:41 Arcane Vault
03:47 Keep
04:25 Town Hall
05:36 Lumber Mill
05:37 Scout Tower
06:11 Arcane Tower
06:13 Arcane Sanctum
06:18 Farm
06:20 Farm
06:24 Scout Tower
06:24 Scout Tower
06:25 Scout Tower
07:21 Guard Tower
07:53 Scout Tower
07:54 Scout Tower
07:55 Scout Tower
07:56 Scout Tower
07:58 Scout Tower
07:59 Scout Tower
08:00 Scout Tower
08:02 Scout Tower
08:14 Scout Tower
08:15 Scout Tower
08:15 Scout Tower
08:16 Scout Tower
08:17 Scout Tower
08:17 Scout Tower
08:17 Scout Tower
08:20 Scout Tower
08:21 Scout Tower
08:21 Scout Tower
08:40 Guard Tower
08:58 Farm
09:01 Guard Tower
09:27 Scout Tower
09:28 Scout Tower
09:31 Scout Tower
09:36 Guard Tower
11:02 Guard Tower
11:07 Guard Tower
11:14 Scout Tower
11:15 Scout Tower
11:15 Scout Tower
11:15 Scout Tower
11:17 Scout Tower
11:18 Scout Tower
12:59 Guard Tower
13:02 Scout Tower
13:03 Scout Tower
13:03 Scout Tower
13:04 Scout Tower
13:10 Scout Tower
13:12 Scout Tower
13:12 Scout Tower
13:12 Scout Tower
13:23 Gryphon Aviary
13:24 Gryphon Aviary
13:25 Gryphon Aviary
13:26 Gryphon Aviary
13:32 Blacksmith
13:36 Blacksmith
13:50 Guard Tower
13:54 Town Hall
13:56 Scout Tower
13:57 Scout Tower
13:58 Scout Tower
14:00 Scout Tower
14:01 Scout Tower
14:02 Scout Tower
14:06 Guard Tower
14:22 Guard Tower
15:18 Castle
15:22 Guard Tower
15:24 Guard Tower
16:42 Guard Tower
16:42 Guard Tower
16:49 Scout Tower
16:50 Scout Tower
16:51 Scout Tower
17:46 Guard Tower
17:48 Scout Tower
17:49 Scout Tower
17:51 Scout Tower
17:52 Scout Tower
18:00 Scout Tower
18:01 Scout Tower
18:02 Scout Tower
18:03 Scout Tower
18:09 Scout Tower
18:14 Guard Tower
18:57 Farm
19:01 Farm
19:44 Guard Tower
19:46 Arcane Vault
» items
| Scroll of Regeneration | 5 | |
| Potion of Healing | 5 | |
| Potion of Mana | 3 | |
| Scroll of Town Portal | 1 | |
| Lesser Clarity Potion | 2 | |
16 total
Flamechampion24 (
green | 74 APM | 1471 actions | 19:48)
4 Blood Mage
2 Flame Strike
2 Banish
» actions
| Assign group hotkey | 32 | |
| Basic commands | 82 | |
| Build / train | 135 | |
| ESC pressed | 3 | |
| Enter build submenu | 51 | |
| Enter hero's abilities submenu | 4 | |
| Give item / drop item | 1 | |
| Remove unit from queue | 1 | |
| Right click | 467 | |
| Select / deselect | 309 | |
| Select group hotkey | 311 | |
| Use ability | 75 | |
1471 total
» units
| Peasant | 25 | |
| Footman | 6 | |
| Goblin Shredder | 2 | |
| Gryphon Rider | 6 | |
| Dragonhawk Rider | 2 | |
| Goblin Sapper | 1 | |
42 total
» upgrades
| Masonry | 5 | |
| Lumber Harvesting | 3 | |
| Swords | 3 | |
| Animal War Training | 1 | |
| Plating | 2 | |
| Storm Hammers | 1 | |
| Cloud | 1 | |
| Armor | 3 | |
| Magic Sentry | 1 | |
| Gunpowder | 1 | |
21 total
» buildings
| Altar of Kings | 3 | |
| Farm | 11 | |
| Barracks | 1 | |
| Scout Tower | 23 | |
| Arcane Tower | 7 | |
| Lumber Mill | 1 | |
| Town Hall | 2 | |
| Arcane Vault | 1 | |
| Keep | 4 | |
| Guard Tower | 40 | |
| Blacksmith | 1 | |
| Castle | 2 | |
| Gryphon Aviary | 3 | |
| Workshop | 3 | |
| Arcane Sanctum | 1 | |
103 total
» build order
00:03 Altar of Kings
00:06 Altar of Kings
00:12 Farm
00:19 Barracks
01:13 Farm
01:27 Scout Tower
01:49 Farm
02:05 Arcane Tower
02:05 Arcane Tower
03:19 Lumber Mill
03:45 Town Hall
04:18 Arcane Vault
04:35 Farm
04:53 Farm
06:34 Keep
06:40 Scout Tower
06:43 Scout Tower
06:47 Scout Tower
06:51 Scout Tower
07:05 Scout Tower
07:09 Scout Tower
07:10 Scout Tower
07:13 Scout Tower
07:33 Guard Tower
07:33 Guard Tower
07:41 Guard Tower
07:41 Guard Tower
07:42 Guard Tower
07:47 Guard Tower
07:48 Guard Tower
07:56 Guard Tower
07:57 Guard Tower
07:57 Guard Tower
08:22 Town Hall
08:37 Guard Tower
08:38 Guard Tower
08:38 Guard Tower
08:38 Guard Tower
08:49 Blacksmith
09:20 Castle
10:11 Gryphon Aviary
10:13 Gryphon Aviary
10:18 Gryphon Aviary
10:30 Scout Tower
10:32 Scout Tower
10:35 Scout Tower
10:36 Scout Tower
10:54 Scout Tower
10:57 Guard Tower
10:57 Guard Tower
11:00 Scout Tower
11:02 Scout Tower
11:03 Scout Tower
11:06 Guard Tower
11:06 Guard Tower
11:06 Guard Tower
11:08 Arcane Tower
11:08 Arcane Tower
11:48 Guard Tower
11:53 Keep
11:53 Keep
11:58 Scout Tower
11:59 Scout Tower
12:00 Scout Tower
12:02 Scout Tower
12:33 Guard Tower
12:33 Guard Tower
12:35 Guard Tower
12:35 Guard Tower
12:36 Guard Tower
12:36 Guard Tower
13:14 Farm
13:16 Farm
13:18 Farm
13:32 Farm
14:57 Altar of Kings
15:00 Farm
15:01 Farm
15:07 Scout Tower
15:09 Scout Tower
15:23 Castle
15:29 Workshop
15:32 Workshop
15:35 Workshop
15:58 Guard Tower
16:00 Guard Tower
16:00 Guard Tower
19:47 Arcane Sanctum
» items
| Scroll of Regeneration | 3 | |
| Scroll of Town Portal | 2 | |
| Orb of Fire | 1 | |
| Potion of Healing | 1 | |
7 total
Chat log
(00:15 / Allies) elpaisa0: chims and hipos
(01:29 / Allies) FoolOnTheHill: lol
(01:38 / Allies) FoolOnTheHill: outside, NE, straight tech
(01:39 / Allies) FoolOnTheHill: amazing
(01:41 / Allies) Flamechampion24: typical noob elf straight teching chimbot
(01:50 / Allies) FoolOnTheHill: yeah if they don't scout you at all
(02:01 / Allies) Flamechampion24: works well against rushes
(04:20 / Allies) FoolOnTheHill: what do you do for lumber purp?
(04:40 / Allies) elpaisa0: wisps..
(04:48 / Allies) FoolOnTheHill: yeah 2 wisps before tech?
(05:09 / Allies) Flamechampion24: You took my shredder red.
(05:13 / Allies) Flamechampion24: Do you want to be backstabbed?
(05:26 / Allies) Flamechampion24: Sick militia
(06:03 / Allies) elpaisa0: can i creep with u red?
(06:52 / Allies) FoolOnTheHill: lol?
(06:58 / Allies) Flamechampion24: I told him not to take the shredder.
(07:00 / Allies) elpaisa0: who takes?
(07:03 / Allies) FoolOnTheHill: lawl
(07:06 / Allies) FoolOnTheHill: you
(07:20 / Allies) elpaisa0: lol? u killes hes base?
(07:23 / Allies) Flamechampion24: Yes.
(07:30 / Allies) Flamechampion24: Hope you got that tech soon boy
(07:39 / Allies) FoolOnTheHill: you shoulda waited to stab
(07:51 / Allies) Flamechampion24: I am an impatient person.
(08:48 / Allies) elpaisa0: ty
(09:18 / Allies) elpaisa0: babys comming out
(09:27 / Allies) Flamechampion24: Oh? Xenomorph larva?
(11:22 / Allies) Flamechampion24: lol
(11:32 / Allies) elpaisa0: lol
(11:42 / Allies) FoolOnTheHill: retard
(12:48 / All) FoolOnTheHill: I hate delay
(12:54 / Allies) FoolOnTheHill: what units you getting green
(12:57 / Allies) Flamechampion24: t3 heavy air
(13:05 / Allies) Flamechampion24: and hawks
(13:46 / Allies) Flamechampion24: check expos
(13:47 / Allies) FoolOnTheHill: for some reason only 3 peons were mining at my expo
(14:01 / Allies) Flamechampion24: purple, you hit the main
(14:02 / Allies) Flamechampion24: I get this
(14:05 / Allies) Flamechampion24: go away
(15:06 / Allies) FoolOnTheHill: hasn't even crept
(16:38 / All) FoolOnTheHill: Haha
(16:47 / All) FoolOnTheHill: LOL
(16:48 / All) Flamechampion24: lol?
(16:49 / All) Flamechampion24: EZ
(16:51 / All) Flamechampion24: Leave faggots
(16:53 / All) Flamechampion24: 3v4
(17:07 / All) FoolOnTheHill: hilarious
(17:15 / All) Flamechampion24: That moment made this game.
(17:57 / All) Flamechampion24: Don't leave yet
(17:59 / All) Flamechampion24: It's not over
(18:33 / All) FoolOnTheHill: Pink you 14?
(18:46 / Allies) elpaisa0: green can we just win this shit instead of doing that??
(18:50 / Allies) Flamechampion24: No.
(19:02 / All) Flamechampion24: hahaha
(19:07 / All) FoolOnTheHill: what a funny game
(19:12 / All) Flamechampion24: Yeah
(19:13 / All) FoolOnTheHill: what's pink's stats
(19:23 / All) Flamechampion24: 1-2
(19:26 / All) Flamechampion24: He doesn't care.
(19:34 / All) FoolOnTheHill: let's rape him
(19:37 / All) Flamechampion24: Alright.